 Dungeon Crawl Stone Soup version 0.29.0-7-g18a832c13a (webtiles) character file.

Game seed: 8709100810558688713

290 SensoryNuts the Slasher (level 6, -4/47 HPs)
             Began as a Demonspawn Fighter on Aug 31, 2022.
             Slain by Edmund
             ... wielding a +6 dire flail of protection
              (12 damage)
             ... on level 4 of the Dungeon.
             The game lasted 00:03:07 (3487 turns).

SensoryNuts the Slasher (Demonspawn Fighter)        Turns: 3487, Time: 00:03:08

Health: -4/47      AC: 14    Str: 16    XL:     6   Next: 9%
Magic:  6/6        EV:  8    Int: 10    God:
Gold:   159        SH:  0    Dex: 14    Spells: 5/5 levels left

rFire   + + .      SeeInvis .   a - +0 long sword
rCold   x . .      Faith    .   c - +0 buckler
rNeg    . . .      Spirit   .   o - +0 fire dragon scales
rPois   .          Reflect  .   (no helmet)
rElec   .          Harm     .   j - +1 cloak
rCorr   .          Rampage  .   (no gloves)
Will    .....                   f - +0 pair of boots
Stlth   ..........              (no amulet)
HPRegen 0.15/turn               (no ring)
MPRegen 0.10/turn               (no ring)

@: confused, mighty, ambrosia-drunk
A: slimy green scales 1, foul stench 2
a: no special abilities


You were on level 4 of the Dungeon.
You visited 1 branch of the dungeon, and saw 4 of its levels.

You collected 159 gold pieces.

Inventory:

Hand Weapons
 a - a +0 long sword (weapon)
Armour
 c - a +0 buckler (worn)
 f - a +0 pair of boots (worn)
 j - a +1 cloak (worn)
 o - +0 fire dragon scales (worn)
Jewellery
 m - a ring of wizardry
Scrolls
 e - a scroll of teleportation {unknown}
 l - a scroll of amnesia
Potions
 h - a potion of degeneration
 i - 2 potions of brilliance
 k - a potion of invisibility
 n - a potion of haste {unknown}


   Skills:
 + Level 3.5 Fighting
 * Level 4.8 Long Blades
 + Level 3.3 Armour
 + Level 0.7 Dodging
 + Level 0.2 Stealth
 + Level 3.1 Shields


You had 5 spell levels left.
You didn't know any spells.
Your spell library contained the following spells:

 Spells                   Type           Power      Damage    Failure   Level
 Magic Dart               Conj           0%         1d3       93%         1
 Searing Ray              Conj           0%         2d4       98%         2
 Call Canine Familiar     Summ           0%         N/A       100%        3
 Ignite Poison            Fire/Tmut/Pois 0%         N/A       100%        3
 Mephitic Cloud           Conj/Pois/Air  0%         N/A       100%        3
 Portal Projectile        Hex/Tloc       0%         N/A       100%        3
 Animate Dead             Necr           0%         N/A       100%        4
 Fulminant Prism          Conj/Hex       0%         3d6       100%        4
 Leda's Liquefaction      Hex/Erth       0%         N/A       100%        4
 Borgnjor's Vile Clutch   Necr/Erth      0%         N/A       100%        5
 Freezing Cloud           Conj/Ice/Air   0%         6-21      100%        5
 Death Channel            Necr           0%         N/A       100%        6


Dungeon Overview and Level Annotations

Branches:
Dungeon (4/15)
 Temple: D:4-7

Altars:
Trog
Yredelemnul

Annotations:
D:4 Edmund, Pikel


Innate Abilities, Weirdness & Mutations

You are partially covered in slimy green scales. (AC +2)
You sometimes emit foul miasma when damaged in melee.


Message History

There are monsters nearby!
There are monsters nearby!
Okay, then.
A lemure comes into view.
Found 9 gold pieces and a scroll labelled KANIHE PEPS.
The lemure shouts!
You hear a shout! x2
Pikel, Merchant of Souls comes into view.
He is wielding a +0 whip of freezing.
A lemure comes into view.
The lemure shouts!
A lemure comes into view.
You feel very mighty all of a sudden. Edmund closely misses you.
You barely miss Edmund.
A quokka comes into view.
Edmund hits you with a +6 dire flail of protection.
You hit Edmund.
Edmund is lightly wounded.
Edmund hits you with a +6 dire flail of protection.
You hit Edmund but do no damage.
Edmund is lightly wounded.
Edmund hits you with a +6 dire flail of protection!
You hit Edmund.
Edmund is moderately wounded.
Edmund hits you with a +6 dire flail of protection!
The quokka bites you but does no damage.
You slice Edmund!!
Edmund is severely wounded.
Edmund hits you with a +6 dire flail of protection.
* * * LOW HITPOINT WARNING * * *
You block the quokka's attack.
Edmund hits you with a +6 dire flail of protection!
* * * LOW HITPOINT WARNING * * *
You are confused.
You feel invigorated. The quokka bites you.
* * * LOW HITPOINT WARNING * * *
You emit a cloud of foul miasma!
The quokka is engulfed in dark miasma.
The quokka is poisoned.
The quokka bites you but does no damage.
Edmund hits you with a +6 dire flail of protection!
You die...

#######
#.#... ..
#<#.###..#
#5r......#
#.#@##...#
#.#@# #
..5K5
##.#...
..#$?..
#........
..........
##
........


You could see Edmund, Pikel, 3 lemures and a quokka (poisoned).

Vanquished Creatures
  The ghost of themarg the Caller, an amateur MfSu (D:3)
  2 orc priests (D:3)
  7 adders
  2 dart slugs
  11 orcs (D:3)
  7 ball pythons
  7 bats
  5 endoplasms
  2 giant cockroaches
  8 goblins
  7 hobgoblins
  4 jackals (D:1)
  3 quokkas
  2 frilled lizards
  5 kobolds
  7 rats
80 creatures vanquished.

Notes
Turn   | Place    | Note
-------+----------+-------------------------------------------
     0 | D:1      | SensoryNuts the Demonspawn Fighter began the quest for the
                  | Orb.
     0 | D:1      | Reached XP level 1. HP: 18/18 MP: 1/1
   342 | D:1      | Reached skill level 2 in Long Blades
   343 | D:1      | Gained mutation: You may rarely emit foul miasma when
                  | damaged in melee. [demonic ancestry]
   343 | D:1      | Reached XP level 2. HP: 11/24 MP: 2/2
   627 | D:1      | Found a faded altar of an unknown god.
  1058 | D:1      | Gained mutation: You sometimes emit foul miasma when
                  | damaged in melee. [demonic ancestry]
  1058 | D:1      | Reached XP level 3. HP: 19/29 MP: 3/3
  1721 | D:2      | Reached skill level 3 in Long Blades
  1723 | D:2      | Gained mutation: You are partially covered in slimy green
                  | scales. (AC +2) [demonic ancestry]
  1723 | D:2      | Reached XP level 4. HP: 35/35 MP: 4/4
  2612 | D:3      | Reached XP level 5. HP: 38/41 MP: 5/5
  2744 | D:3      | Found a runed translucent gate.
  2748 | D:3      | Found a runed translucent gate.
  2749 | D:3      | Found a bloodstained altar of Trog.
  2758 | D:3      | Reached skill level 4 in Long Blades
  3111 | D:3      | Found a runed translucent gate.
  3112 | D:3      | Noticed themarg's ghost (amateur MfSu)
  3190 | D:3      | Found a basalt altar of Yredelemnul.
  3306 | D:3      | Killed themarg's ghost
  3307 | D:3      | Reached XP level 6. HP: 24/47 MP: 6/6
  3478 | D:4      | Noticed Edmund
  3479 | D:4      | Noticed Pikel
  3487 | D:4      | Slain by Edmund

Illustrated notes

Levels and vault maps discovered:
D:1:      psy_arrival_statuary, layout_loops_cross,
          shapermc_ecumenical_altar_totnotflames,
          amcnicky_mini_rare_corridor_liquid
D:2:      layout_rooms, chequers_serial_rivers_large_a
D:3:      layout_loops_ring, amcnicky_altar_gilded, general_overflow_altar,
          ebering_ghost_rock_garden
D:4:      layout_basic, old_standard_altar,
          lightli_ossuary_entry_decrepit_ruins, uniq_edmund, uniq_blork_the_orc,
          uniq_pikel, uniq_eustachio, uniq_menkaure

Skill      XL: |  1  2  3  4  5 |
---------------+----------------+-----
Long Blades    | 2 3 4 |  4.8
Shields        | 3 |  3.1
Armour         | 3 |  3.3
Fighting       | |  3.5
Dodging        | |  0.7
Stealth        | |  0.2

Action                   |  1- 3 |  4- 6 || total
-------------------------+-------+-------++-------
Melee: Long sword        |   123 |   126 ||   249
  Use: Potion            |     2 |     2 ||     4
       Scroll            |     3 |     3 ||     6
Armor: Scale mail        |    81 |    69 ||   150
       Fire dragon scale |       |     4 ||     4
Dodge: Dodged            |    59 |    57 ||   116
Block: Buckler           |    40 |    38 ||    78
